 Dungeon Sprint DCSS version 0.30-a0-760-g5a9884bb7c (webtiles) character file.

Game seed: 1912731135694886641

19400 octoduck the Champion of Chaos (level 12, -11/112 HPs)
             Began as a Purple Draconian Hedge Wizard on Feb 11, 2023.
             Was the Champion of Makhleb.
             Mangled by an Orb Guardian (18 damage)
             ... in the Dungeon (Sprint V: "Ziggurat Sprint").
             The game lasted 00:44:20 (2463 turns).

octoduck the Champion of Chaos (DrHW)               Turns: 2463, Time: 00:44:20

Health: -11/112    AC: 15    Str: 13    XL:     12   Next: 36%
Magic:  11/23      EV: 16    Int: 25    God:    Makhleb [******]
Gold:   0          SH:  9    Dex: 16    Spells: 2/26 levels left

rFire   . . .      SeeInvis .    C - +5 quick blade (freeze)
rCold   x . .      Faith    .    D - +3 buckler
rNeg    . . .      Spirit   .    (body armour unavailable)
rPois   .          Reflect  .    b - +0 hat
rElec   +          Harm     .    P - +2 cloak {Stlth+}
rCorr   +          Rampage  .    (no gloves)
Will    +....      Rage     3%   (no boots)
Stlth   +++        NoTele   +    I - amulet of Grace {RegenMP Fragile Dex+5}
HPRegen 0.38/turn                M - ring of Lucidity {rElec rCorr AC+4 Slay+2}
MPRegen 0.58/turn                v - +6 ring of intelligence

@: no status effects
A: breathe power, AC +8, unfitting armour, cold-blooded, berserk 1, cold
vulnerability 1
a: Breathe Dispelling Energy, Renounce Religion, Minor Destruction, Lesser
Servant of Makhleb, Major Destruction, Greater Servant of Makhleb


You were in the Dungeon.
You worshipped Makhleb.
Makhleb was exalted by your worship.
You visited 1 branch

Inventory:

Hand Weapons
 C - a +5 quick blade of freezing (weapon)
 E - the +6 Majin-Bo {spellvamp, MP+6 Int+6}
   (You found it in the Dungeon)

   Int:       It affects your intelligence (+6).
   MP:        It affects your magic capacity (+6).
 F - the +11 Singing Sword {sonic wave}
   (You found it in the Dungeon)
 L - a +0 long sword of holy wrath
Armour
 a - the +18 shield of the Gong {Loud rN+ Will+ rCorr EV-5}
   (You found it in the Dungeon)

   Loud:      It is deafeningly noisy when blocking attacks.
   EV:        It affects your evasion (-5).
   rN:        It protects you from negative energy.
   rCorr:     It protects you from acid and corrosion.
   Will:      It increases your willpower.
 b - a +0 hat (worn)
 D - a +3 buckler (worn)
 P - a +2 cloak of stealth (worn)
Magical Staves
 G - a staff of fire
Jewellery
 h - an amulet of reflection
 l - a ring of willpower
 r - a ring of flight
 s - a +6 ring of dexterity
 t - a +6 ring of dexterity
 u - a +6 ring of intelligence
 v - a +6 ring of intelligence (right hand)
 w - a +6 ring of intelligence
 x - a +6 ring of strength
 H - a +4 ring of slaying
 I - the amulet of Grace (around neck) {RegenMP Fragile Dex+5}
   (You found it in the Dungeon)

   [amulet of magic regeneration]

   It increases your rate of magic regeneration.
   Dex:       It affects your dexterity (+5).
   Fragile:   It will be destroyed if unequipped.
 M - the ring of Lucidity (left hand) {rElec rCorr AC+4 Slay+2}
   (You found it in the Dungeon)

   [ring of protection]

   AC:        It affects your AC (+4).
   Slay:      It affects your accuracy & damage with ranged weapons and melee
   (+2).
   rElec:     It insulates you from electricity.
   rCorr:     It protects you from acid and corrosion.
 N - an amulet of faith
Wands
 z - a wand of mindburst (5)
 A - a wand of iceblast (5)
 B - a wand of quicksilver (7)
Scrolls
 n - 3 scrolls of amnesia
 o - 7 scrolls of fog
 p - 5 scrolls of identify
 q - a scroll of fear
 O - a scroll of brand weapon
Potions
 c - 5 potions of magic
 d - 7 potions of curing
 e - 7 potions of heal wounds
 f - 3 potions of haste
 g - 2 potions of berserk rage
 i - a potion of brilliance
 m - 4 potions of might
Miscellaneous
 j - a phial of floods
 k - a phantom mirror
 y - a lightning rod (4/4)
 J - a box of beasts


   Skills:
 - Level 12.2 Fighting
 - Level 7.4 Short Blades
 - Level 9.1 Dodging
 - Level 1.7 Stealth
 - Level 7.0 Shields
 - Level 7.5 Spellcasting
 - Level 13.8 Conjurations
 - Level 4.6 Summonings
 - Level 2.1 Translocations
 - Level 6.5 Transmutations
 - Level 8.9 Fire Magic
 + Level 0.0 Ice Magic
 + Level 11.8 Air Magic
 - Level 8.5 Poison Magic
 - Level 15.0 Invocations


You had 2 spell levels left.
You knew the following spells:

 Your Spells              Type           Power      Damage    Failure   Level
a - Magic Dart            Conj           100%       1d8       1%          1
b - Call Imp              Summ           32%        N/A       1%          2
c - Mephitic Cloud        Conj/Pois/Air  61%        N/A       1%          3
d - Freezing Cloud        Conj/Ice/Air   25%        6-21      7%          5
e - Ignite Poison         Fire/Tmut/Pois 49%        N/A       1%          3
f - Irradiate             Conj/Tmut      28%        3d21      3%          5
g - Arcjolt               Conj/Air       32%        1d42      1%          5

Your spell library contained the following spells:

 Spells                   Type           Power      Damage    Failure   Level
 Cigotuvi's Dreadful Rot  Necr/Pois/Air  86%        N/A       1%          2
 Static Discharge         Conj/Air       100%       2-7/arc   1%          2
 Blink                    Tloc           38%        N/A       5%          2
 Lesser Beckoning         Tloc           38%        N/A       5%          2
 Freeze                   Ice            36%        1d5       9%          1
 Slow                     Hex            36%        N/A       9%          1
 Dazzling Flash           Conj/Hex       88%        N/A       1%          3
 Vhi's Electric Charge    Tloc/Air       88%        N/A       1%          3
 Lightning Bolt           Conj/Air       32%        1d50      1%          5
 Call Canine Familiar     Summ           32%        N/A       3%          3
 Iskenderun's Mystic Bla  Conj/Tloc      49%        2d11      3%          4
 Gell's Gravitas          Tloc           19%        N/A       11%         3
 Teleport Other           Tloc           19%        N/A       11%         3
 Alistair's Intoxication  Tmut/Pois      30%        N/A       11%         5
 Starburst                Conj/Fire      30%        6d9       12%         6
 Blade Hands              Tmut           20%        N/A       16%         5
 Frozen Ramparts          Ice            18%        1d3       24%         3
 Eringya's Noxious Bog    Tmut/Pois      23%        N/A       50%         6
 Yara's Violent Unravell  Hex/Tmut       12%        3d7       52%         5
 Borgnjor's Vile Clutch   Necr/Erth      4%         N/A       92%         5
 Dragon Form              Tmut           20%        N/A       99%         7
 Simulacrum               Ice/Necr       4%         N/A       100%        6
 Enfeeble                 Hex            4%         N/A       100%        7
 Haunt                    Necr/Summ      10%        N/A       100%        7
 Malign Gateway           Summ/Tloc      13%        N/A       100%        7
 Chain Lightning          Conj/Air       32%        3d43      100%        9
 Fire Storm               Conj/Fire      30%        8d8       100%        9
 Polar Vortex             Ice            4%         N/A       100%        9
 Shatter                  Erth           4%         3d8*      100%        9


Dungeon Overview and Level Annotations

Branches:
Dungeon (1/1)

Altars:
Ashenzari
Cheibriados
Dithmenos
Elyvilon
Fedhas
Gozag
Hepliaklqana
Kikubaaqudgha
Makhleb
Nemelex Xobeh
Okawaru
Qazlal
Ru
Sif Muna
Trog
Uskayaw
Vehumet
Wu Jian
Xom
Yredelemnul
Zin
The Shining One
Jiyva
Lugonu


Innate Abilities, Weirdness & Mutations

You can breathe bolts of dispelling energy.
Your rich purple scales are hard. (AC +8)
You cannot fit into any form of body armour.
You are cold-blooded and may be slowed by cold attacks.
You sometimes lose your temper in combat.
You are vulnerable to cold. (rC-)


Message History

The quicksilver dragon bites you.
* * * LOW HITPOINT WARNING * * *
The quicksilver dragon claws you.
* * * LOW HITPOINT WARNING * * *
The Orb Guardian hits you!!
* * * LOW HITPOINT WARNING * * *
The moth of wrath is engulfed in freezing vapours.
The moth of wrath goads the purple draconian on!
The purple draconian shakes off its lethargy.
The purple draconian goes berserk!
The green draconian is engulfed in freezing vapours.
The red draconian is engulfed in freezing vapours.
The red draconian seems to slow down.
The white draconian is engulfed in freezing vapours.
The red draconian is engulfed in freezing vapours.
The red draconian seems to slow down.
Okay, then.
Okay, then.
Okay, then.
Okay, then.
Okay, then.
As you read the scroll of fear, it crumbles to dust.
You assume a fearsome visage.
The moth of wrath looks frightened!
The quicksilver dragon is unaffected.
The purple draconian resists with almost no effort.
The white draconian resists with some effort.
The red draconian looks frightened! x2; The green draconian looks frightened!
The purple draconian is unaffected.
The yellow draconian looks frightened!
The black draconian looks frightened!
The yellow draconian looks frightened!
The Orb Guardian resists with almost no effort.
The quicksilver dragon closely misses you.
The quicksilver dragon misses you. You block the Orb Guardian's attack.
The quicksilver dragon completely misses you.
The quicksilver dragon misses you.
The moth of wrath is engulfed in freezing vapours.
The purple draconian is engulfed in freezing vapours.
The purple draconian seems to slow down.
The yellow draconian prays for help.
The Orb Guardian hits you!!
You die...

▓...}|)|=...▓...8©8...▓.
▓...........▓..)))....▓.
▓..§§§§§§...▓....}[...▓.
▓...☼y§d§...▓....=....▓.
▓..§§§dddd..▓.........▓.
▓.....d.....▓.........▓.
▓.....d.....▓.........▓.
▓....dDXd2..▓.........▓.
▓.....©@....▓....©....▓.
▓▓▓▓▓▓▓▓▓▓▓▓▓▓▓▓▓▓▓▓▓▓▓▓
▓...8©8...▓...8©8...▓...
▓..[)))[|.▓..}".))..▓...
▓..|)".)..▓..)..)...▓...
▓.........▓.........▓...
▓.........▓.........▓...
▓.........▓.........▓...
▓.........▓.........▓...


You could see a black draconian (fleeing, slow), 2 draconians, a green draconian
(fleeing, slow), 2 draconians, 2 draconians, a white draconian, a quicksilver
dragon (berserk), an Orb Guardian (ally target), a moth of wrath (fleeing) and a
friendly cacodemon (summoned).

Vanquished Creatures
  An acid blob (D)
  An azure jelly (D)
  A green draconian (D)
  2 very ugly things (D)
  3 yellow draconians (D)
  2 two-headed ogres (D)
  A wretched star (D)
  A lindwurm (shapeshifter) (D)
  2 ugly things (D)
  A shining eye (D)
  A cyclops (D)
  7 draconians (D)
  A water nymph (shapeshifter) (D)
  A smoke demon (D)
  A large abomination (D)
  A guardian mummy (D)
  A flying skull (D)
  Sigmund (D)
  2 slime creatures (D)
  A spriggan (shapeshifter) (D)
  A swamp worm (shapeshifter) (D)
  A floating eye (D)
  2 floating eyes (shapeshifter) (D)
  An orc warrior (D)
  An ogre (D)
  A boggart (shapeshifter) (D)
  Blork the orc (D)
  Dowan (D)
  2 quasits (D)
  An orc priest (D)
  Crazy Yiuf (D)
  3 jellies (D)
  An iron imp (D)
  Jessica (D)
  An orc wizard (D)
  3 river rats (D)
  An ufetubus (D)
  2 orcs (D)
  3 endoplasms (D)
  A ball python simulacrum (D)
  A ball python zombie (D)
62 creatures vanquished.

Vanquished Creatures (collateral kills)
  An acid blob (D)
  A black draconian (D)
  2 mummy priests (D)
  A draconian (D)
  2 slime creatures (D)
  A small abomination (D)
  An orc priest (D)
  3 mummies (D)
  A jackal (D)
13 creatures vanquished.

Grand Total: 75 creatures vanquished

Notes
Turn   | Place    | Note
-------+----------+-------------------------------------------
     0 | D        | octoduck the Draconian Hedge Wizard began the quest for the
                  | Orb.
     0 | D        | Reached XP level 1. HP: 14/14 MP: 4/4
     0 | D        | Found a shimmering blue altar of Sif Muna.
     0 | D        | Found a sacrificial altar of Ru.
     0 | D        | Found a bloodstained altar of Trog.
     0 | D        | Found a stormy altar of Qazlal.
     0 | D        | Found an iron altar of Okawaru.
     0 | D        | Found a sparkling altar of Nemelex Xobeh.
     0 | D        | Found a blossoming altar of Fedhas.
     0 | D        | Found the +6 Majin-Bo {spellvamp, MP+6 Int+6}
     0 | D        | Found the +27 heavy crossbow "Sniper" {heavy, Acc+∞ SInv}
     0 | D        | Found the +10 dark maul {heavy}
     0 | D        | Found the +15 Maxwell's patent armour {-Cast -Tele rElec
                  | Will+ rCorr}
     0 | D        | Found the +18 shield of the Gong {Loud rN+ Will+ rCorr
                  | EV-5}
     0 | D        | Found the +16 obsidian axe {drain, demonic, Mesm Drain Fly
                  | SInv}
     0 | D        | Found the +7 great mace "Firestarter" {flame, inner flame,
                  | rFlCloud rF++}
     0 | D        | Found the +6 shillelagh "Devastator" {shatter}
     0 | D        | Found the +11 plutonium sword {Contam Stlth-}
     0 | D        | Found the +8 lance "Wyrmbane" {slay drac, rPois rF+ rC+
                  | AC+3}
     0 | D        | Found the +9 sword of Zonguldrok {reap}
     0 | D        | Found the +13 scythe of Curses {drain, curses, Drain}
     0 | D        | Found the +9 sword of Power {lifebolt}
     0 | D        | Found the +7 mace of Variability {chaos, chain chaos}
     0 | D        | Found the +11 Singing Sword {sonic wave}
     0 | D        | Found the +8 storm bow {elec, penet}
     2 | D        | Found a transporter.
     2 | D        | Found an ancient bone altar of Kikubaaqudgha.
     2 | D        | Found a viscous altar of Jiyva.
     2 | D        | Found a corrupted altar of Lugonu.
     2 | D        | Found a hazy altar of Hepliaklqana.
     2 | D        | Found a burning altar of Makhleb.
     2 | D        | Found an opulent altar of Gozag.
    65 | D        | Reached XP level 2. HP: 20/20 MP: 6/6
    69 | D        | Learned a level 2 spell: Call Imp
   102 | D        | Became a worshipper of Makhleb the Destroyer
   111 | D        | Entered arena 2.
   111 | D        | Noticed a red ugly thing
   111 | D        | Noticed a centaur
   111 | D        | Found a transporter.
   113 | D        | a centaur changed into a boggart
   113 | D        | Noticed a boggart (shapeshifter)
   121 | D        | HP: 1/30 [boggart (shapeshifter) (2)]
   122 | D        | Killed a red ugly thing
   123 | D        | Reached XP level 3. HP: 2/26 MP: 4/7
   123 | D        | Reached XP level 4. HP: 2/33 MP: 4/8
   123 | D        | Reached XP level 5. HP: 3/38 MP: 4/9
   123 | D        | Reached XP level 6. HP: 4/45 MP: 4/10
   293 | D        | Learned a level 3 spell: Mephitic Cloud
   295 | D        | Entered arena 3.
   295 | D        | Noticed a floating eye
   295 | D        | Found a transporter.
   302 | D        | Reached * piety under Makhleb
   304 | D        | Paralysed by a floating eye for 2 turns
   309 | D        | Paralysed by a floating eye for 2 turns
   312 | D        | Killed a floating eye
   313 | D        | Your scales start taking on a rich purple colour.
   313 | D        | Reached XP level 7. HP: 46/50 MP: 6/12
   376 | D        | Entered arena 4.
   376 | D        | Found a transporter.
   382 | D        | Reached ** piety under Makhleb
   400 | D        | Got the amulet of Grace {RegenMP Fragile Dex+5}
   489 | D        | Entered arena 5.
   489 | D        | Noticed a two-headed ogre
   489 | D        | Noticed a cyclops
   489 | D        | Noticed a two-headed ogre
   489 | D        | Found a transporter.
   507 | D        | Killed a two-headed ogre
   507 | D        | Reached *** piety under Makhleb
   508 | D        | Reached skill level 5 in Dodging
   508 | D        | Reached skill level 5 in Air Magic
   508 | D        | Reached skill level 5 in Poison Magic
   508 | D        | Reached XP level 8. HP: 44/57 MP: 11/13
   512 | D        | Killed a cyclops
   540 | D        | Killed a two-headed ogre
   541 | D        | Reached XP level 9. HP: 23/62 MP: 11/14
   772 | D        | Entered arena 6.
   772 | D        | Noticed Sigmund
   772 | D        | Noticed Jessica
   772 | D        | Noticed Blork the orc
   772 | D        | Noticed Crazy Yiuf
   772 | D        | Noticed Dowan
   772 | D        | Found a transporter.
   774 | D        | Killed Jessica
   774 | D        | Reached **** piety under Makhleb
   781 | D        | Killed Sigmund
   794 | D        | Killed Blork the orc
   796 | D        | Killed Dowan
   812 | D        | Killed Crazy Yiuf
   813 | D        | Reached skill level 5 in Shields
   866 | D        | Entered arena 7.
   866 | D        | Noticed a draconian
   866 | D        | Noticed a draconian
   866 | D        | Noticed a draconian
   866 | D        | Noticed a draconian
   866 | D        | Noticed a yellow draconian
   866 | D        | Noticed a draconian
   882 | D        | Found a transporter.
   887 | D        | Killed a draconian
   887 | D        | Reached ***** piety under Makhleb
   888 | D        | Reached skill level 5 in Fighting
   889 | D        | Killed a yellow draconian
   890 | D        | Reached skill level 5 in Short Blades
   890 | D        | Killed a draconian
   890 | D        | Killed a draconian
   891 | D        | Reached XP level 10. HP: 63/91 MP: 9/15
   902 | D        | Killed a draconian
   903 | D        | Reached skill level 3 in Invocations
   914 | D        | Killed a draconian
   915 | D        | Reached skill level 4 in Invocations
   959 | D        | Got the Codex of Supportive Vitiation
   986 | D        | Entered arena 8.
   991 | D        | Found a transporter.
  1006 | D        | Reached skill level 5 in Invocations
  1010 | D        | Reached ****** piety under Makhleb
  1024 | D        | Got the Exposition on the Phantasmal Cure
  1045 | D        | Learned a level 3 spell: Call Canine Familiar
  1057 | D        | Learned a level 3 spell: Ignite Poison
  1059 | D        | Entered arena 9.
  1059 | D        | Noticed a yellow draconian
  1059 | D        | Noticed a draconian
  1059 | D        | Noticed a yellow draconian
  1059 | D        | Noticed a black draconian
  1059 | D        | Noticed a draconian
  1059 | D        | Noticed a draconian
  1059 | D        | Noticed a green draconian
  1070 | D        | Found a transporter.
  1089 | D        | HP: 3/91 [black draconian/bolt of lightning (11)]
  1106 | D        | Killed a green draconian
  1107 | D        | Reached skill level 6 in Invocations
  1114 | D        | Killed a yellow draconian
  1115 | D        | Reached skill level 5 in Fire Magic
  1115 | D        | Reached skill level 8 in Invocations
  1115 | D        | Killed a yellow draconian
  1116 | D        | Reached skill level 9 in Invocations
  1116 | D        | Killed a draconian
  1118 | D        | Killed a draconian
  1119 | D        | Reached XP level 11. HP: 45/97 MP: 11/18
  1125 | D        | Reached skill level 10 in Invocations
  1128 | D        | Killed a black draconian
  1129 | D        | Reached skill level 11 in Invocations
  1297 | D        | Learned a level 5 spell: Irradiate
  1300 | D        | Entered arena 10.
  1300 | D        | Noticed a wretched star
  1301 | D        | Noticed a cacodemon
  1305 | D        | Reached skill level 1 in Transmutations
  1308 | D        | Found a transporter.
  1308 | D        | Gained mutation: You sometimes lose your temper in combat.
                  | [a cacodemon]
  1310 | D        | Killed a wretched star
  1655 | D        | Got the ring of Lucidity {rElec rCorr AC+4 Slay+2}
  1657 | D        | Got the Commentary on Ice and the Welkin
  1690 | D        | Entered arena 11.
  1690 | D        | Noticed a mummy priest
  1690 | D        | Noticed a mummy priest
  1702 | D        | Noticed a phantasmal warrior
  1702 | D        | Found a transporter.
  1706 | D        | Killed a mummy priest
  1707 | D        | Reached skill level 5 in Transmutations
  1711 | D        | Reached skill level 12 in Invocations
  1716 | D        | Noticed a jiangshi
  1733 | D        | Killed a mummy priest
  2073 | D        | Entered arena 12.
  2073 | D        | Noticed a red very ugly thing
  2073 | D        | Noticed a wolf spider
  2073 | D        | Noticed a brown ugly thing
  2073 | D        | Noticed a steelbarb worm
  2074 | D        | Noticed a cyan very ugly thing
  2074 | D        | Noticed a shining eye
  2076 | D        | a torpor snail changed into a skyshark
  2076 | D        | Noticed a skyshark (glowing shapeshifter)
  2077 | D        | a skyshark changed into an orb spider
  2077 | D        | Noticed an orb spider (glowing shapeshifter)
  2078 | D        | a guardian serpent changed into a swamp dragon
  2078 | D        | Noticed a swamp dragon (glowing shapeshifter)
  2079 | D        | a wolf spider changed into a water nymph
  2080 | D        | Gained mutation: You are vulnerable to cold. (rC-) [a
                  | shining eye]
  2081 | D        | a steelbarb worm changed into a lindwurm
  2081 | D        | Noticed a lindwurm (glowing shapeshifter)
  2081 | D        | an orb spider changed into a shock serpent
  2081 | D        | Noticed a shock serpent (glowing shapeshifter)
  2082 | D        | a swamp dragon changed into a torpor snail
  2085 | D        | a shock serpent changed into a floating eye
  2086 | D        | Killed a brown ugly thing
  2087 | D        | Reached skill level 13 in Invocations
  2087 | D        | Killed a lindwurm
  2088 | D        | Reached skill level 10 in Fighting
  2090 | D        | a slime creature changed into an orb spider
  2090 | D        | Noticed an orb spider (glowing shapeshifter)
  2092 | D        | Killed a purple very ugly thing
  2092 | D        | an orb spider changed into a wolf spider
  2092 | D        | Noticed a wolf spider (glowing shapeshifter)
  2093 | D        | Reached skill level 14 in Invocations
  2095 | D        | Found a transporter.
  2102 | D        | a wolf spider changed into a steelbarb worm
  2102 | D        | Noticed a steelbarb worm (glowing shapeshifter)
  2103 | D        | Killed a purple very ugly thing
  2106 | D        | Killed a shining eye
  2107 | D        | Reached XP level 12. HP: 104/112 MP: 11/23
  2112 | D        | Reached skill level 15 in Invocations
  2153 | D        | Entered arena 13.
  2153 | D        | Noticed an acid blob
  2153 | D        | Noticed an azure jelly
  2155 | D        | Noticed an acid blob
  2165 | D        | Found a transporter.
  2168 | D        | Killed an azure jelly
  2168 | D        | Killed an acid blob
  2169 | D        | Reached skill level 10 in Air Magic
  2176 | D        | Killed an acid blob
  2439 | D        | Learned a level 5 spell: Arcjolt
  2446 | D        | Learned a level 5 spell: Freezing Cloud
  2449 | D        | Entered arena 14.
  2455 | D        | Noticed a purple draconian
  2455 | D        | Noticed a yellow draconian
  2455 | D        | Noticed a black draconian
  2455 | D        | Noticed a yellow draconian
  2455 | D        | Noticed an Orb Guardian
  2455 | D        | Noticed a red draconian
  2455 | D        | Noticed a quicksilver dragon
  2456 | D        | Noticed a white draconian
  2458 | D        | Noticed a green draconian
  2459 | D        | Noticed a red draconian
  2459 | D        | Noticed a purple draconian
  2463 | D        | Mangled by an Orb Guardian

Illustrated notes

Levels and vault maps discovered:
D:        sprint_v [room_start, room_1, room_2, room_3, room_4, room_5, room_6,
          room_7, room_8, room_9, room_10, room_11, room_12, room_13, room_14,
          room_15, room_16, room_17, room_18, room_19, room_20, room_21,
          room_22, room_23, room_24, room_25, room_26, room_27]

Skill      XL: |  1  2  3  4  5  6  7  8  9 10 11 12 |
---------------+-------------------------------------+-----
Shields        | 3 5 7 |  7.0
Conjurations   | 4 13 | 13.8
Summonings     | 4 |  4.6
Dodging        | 2 5 8 9 |  9.1
Air Magic      | 2 5 8 11 | 11.8
Poison Magic   | 2 5 8 |  8.5
Fighting       | 9 12 | 12.2
Short Blades   | 7 |  7.4
Invocations    | 9 14 15 | 15.0
Translocations | 2 |  2.1
Fire Magic     | 7 8 |  8.9
Transmutations | 6 |  6.5
Spellcasting   | 7 |  7.5
Stealth        | |  1.7

Action                     |  1- 3 |  4- 6 |  7- 9 | 10-12 || total
---------------------------+-------+-------+-------+-------++-------
  Melee: Double sword      |     5 |     3 |       |       ||     8
         Tailslap          |     1 |     1 |    12 |    11 ||    25
         Quick blade       |       |     9 |    60 |    82 ||   151
   Cast: Magic Dart        |       |     2 |    12 |    12 ||    26
         Mephitic Cloud    |       |     1 |    13 |    25 ||    39
         Call Imp          |       |     1 |     6 |     3 ||    10
         Call Canine Famil |       |       |       |     6 ||     6
         Ignite Poison     |       |       |       |     7 ||     7
         Irradiate         |       |       |       |     8 ||     8
         Freezing Cloud    |       |       |       |     2 ||     2
         Arcjolt           |       |       |       |     1 ||     1
 Invoke: Major Destruction |       |       |       |     7 ||     7
         Greater Servant o |       |       |       |     8 ||     8
  Evoke: Lightning rod     |       |       |     7 |     9 ||    16
         Wand              |       |       |       |     4 ||     4
         Box of beasts     |       |       |       |     4 ||     4
         Phial of floods   |       |       |       |     1 ||     1
         Phantom mirror    |       |       |       |     1 ||     1
    Use: Potion            |     5 |       |     2 |    19 ||    26
         Scroll            |       |       |     1 |     6 ||     7
   Stab: Invisible         |     1 |       |     2 |       ||     3
         Confused          |       |       |     6 |     6 ||    12
 Armour: Skin              |     1 |     2 |     3 |    29 ||    35
  Dodge: Dodged            |     4 |       |    30 |    93 ||   127
  Block: Buckler           |     4 |     2 |    11 |    36 ||    53

Table legend: (Time is in decaauts)
 A = Elapsed time spent in this place.
 B = Non-inter-level travel time spent in this place.
 C = Inter-level travel time spent in this place.
 D = Time resting spent in this place.
 E = Time spent auto-exploring this place.
 F = Levels seen in this place.
 G = Mean time per level.
                   A        B        C        D        E       F      G
               +--------+--------+--------+--------+--------+-----+--------+
         Total |   2364 |   2357 |      7 |   1534 |      0 |   1 | 2364.0 |
       Dungeon |   2364 |   2357 |      7 |   1534 |      0 |   1 | 2364.0 |
               +--------+--------+--------+--------+--------+-----+--------+

Top non-repeatable levels by time:
       D: 2364 daAuts
